 Dungeon Crawl Stone Soup version 0.30-a0-377-g5cb311bc9f (webtiles) character file.

Game seed: 3113431020582622793

376 bande the Chopper (level 6, -9/38 HPs)
             Began as a Gargoyle Fighter on Nov 27, 2022.
             Engulfed by a steam dragon's steam (12 damage)
             ... on level 4 of the Dungeon.
             The game lasted 00:05:38 (3437 turns).

bande the Chopper (Gargoyle Fighter)                Turns: 3437, Time: 00:05:39

Health: -9/38      AC: 12    Str: 20    XL:     6   Next: 73%
Magic:  6/6        EV:  5    Int:  8    God:
Gold:   92         SH: 12    Dex: 11    Spells: 5/5 levels left

rFire   . . .      SeeInvis .    a - +1 war axe
rCold   . . .      Faith    .    e - +0 tower shield
rNeg    + . .      Spirit   .    b - +0 scale mail
rPois   ∞          Reflect  .    (no helmet)
rElec   +          Harm     .    (no cloak)
rCorr   .          Rampage  .    (no gloves)
Will    .....                    t - +0 pair of boots
Stlth   ..........               (no amulet)
HPRegen 0.26/turn                (no ring)
MPRegen 0.10/turn                (no ring)

@: no status effects
A: sickness immunity, AC +4, negative energy resistance 1, electricity
resistance, torment resistance 1, petrification resistance
a: no special abilities


You were on level 4 of the Dungeon.
You visited 1 branch of the dungeon, and saw 4 of its levels.

You collected 150 gold pieces.
You spent 58 gold pieces at shops.

Inventory:

Hand Weapons
 a - a +1 war axe (weapon)
Armour
 b - a +0 scale mail (worn)
 e - a +0 tower shield (worn)
 t - a +0 pair of boots (worn)
Jewellery
 c - an amulet of faith
 h - a ring of wizardry
Wands
 l - a wand of iceblast (11)
 s - a wand of acid (13)
Scrolls
 i - a scroll of teleportation
 q - a scroll of magic mapping
Potions
 d - 3 potions of might
 f - a potion of curing {unknown}
 g - 2 potions of cancellation
 j - 3 potions of heal wounds
 m - a potion of berserk rage {unknown}
 p - a potion of invisibility {unknown}
 r - a potion of degeneration {unknown}


   Skills:
 + Level 4.1 Fighting
 + Level 4.5 Axes
 + Level 4.4 Armour
 + Level 4.2 Shields
 * Level 1.5 Evocations


You had 5 spell levels left.
You didn't know any spells.
Your spell library contained the following spells:

 Spells                   Type           Power      Damage    Failure   Level
 Gell's Gravitas          Tloc           0%         N/A       100%        3
 Lesser Beckoning         Tloc           0%         N/A       100%        3
 Teleport Other           Tloc           0%         N/A       100%        3


Dungeon Overview and Level Annotations

Branches:
Dungeon (4/15)
 Temple: D:4-7

Altars:
Hepliaklqana

Shops:
D:3 [


Innate Abilities, Weirdness & Mutations

You are immune to sickness and miasma.
Your stone body is resilient. (AC +4)
You are immune to poison.
You resist negative energy. (rN+)
You are resistant to electric shocks. (rElec)
You are resistant to unholy torment.
You are immune to petrification.


Message History

You kill the kobold!
HP restored.
Found a stone staircase leading down.
Found a robe.
A steam dragon comes into view.
The steam dragon hisses angrily.
You closely miss the steam dragon. The steam dragon bites you.
The steam dragon completely misses you. The steam dragon breathes steam at you.
The ball of steam hits you.
You slash the steam dragon!
The steam dragon is heavily wounded.
You are engulfed in a cloud of scalding steam.
The steam dragon barely misses you.
The steam dragon claws you but does no damage.
You are too injured to fight recklessly!
You are too injured to fight recklessly!
You are too injured to fight recklessly!
You are too injured to fight recklessly!
You are too injured to fight recklessly!
You are too injured to fight recklessly!
You are too injured to fight recklessly!
Unknown command.
You hit the steam dragon.
The steam dragon is heavily wounded.
The steam dragon bites you but does no damage.
The steam dragon claws you but does no damage.
The steam dragon bites you. The steam dragon claws you.
Unknown command.
You barely miss the steam dragon.
The steam dragon is heavily wounded.
The steam dragon breathes steam at you. The ball of steam hits you!
* * * LOW HITPOINT WARNING * * *
You block the steam dragon's attack. x2
Unknown command.
You hit the steam dragon.
The steam dragon is severely wounded.
You are engulfed in a cloud of scalding steam.
You die...

...#..#.>...####.###
####.........#
#.........#
#.[####.........#
#........####.###
#.######.# #
#........#
####...###.##
......§§@D...#
#####...###### #.§.#
#...# #...# #...#
#####


You could see a steam dragon.

Vanquished Creatures
  A phantom (D:4)
  A scorpion (D:2)
  A hound (D:4)
  2 iguanas (D:4)
  2 adders (D:3)
  4 gnolls
  A worm (D:4)
  A dart slug (D:1)
  5 orcs
  10 endoplasms
  2 giant cockroaches
  6 goblins
  13 hobgoblins
  2 jackals (D:3)
  3 quokkas
  9 ball pythons
  7 bats
  2 frilled lizards
  6 kobolds
  9 rats
87 creatures vanquished.

Notes
Turn   | Place    | Note
-------+----------+-------------------------------------------
     0 | D:1      | bande the Gargoyle Fighter began the quest for the Orb.
     0 | D:1      | Reached XP level 1. HP: 14/14 MP: 1/1
    57 | D:1      | Reached XP level 2. HP: 7/19 MP: 2/2
   408 | D:1      | Reached XP level 3. HP: 15/23 MP: 3/3
   458 | D:1      | Found a faded altar of an unknown god.
   890 | D:2      | Noticed a scorpion
   904 | D:2      | Killed a scorpion
   905 | D:2      | Reached XP level 4. HP: 28/29 MP: 4/4
  1041 | D:2      | Reached XP level 5. HP: 32/33 MP: 5/5
  1433 | D:3      | Found a hazy altar of Hepliaklqana.
  2010 | D:3      | Identified the +7 spear of Destiny {protect, Str+6}
  2235 | D:3      | Found Qiupotaw's Armour Shoppe.
  2242 | D:3      | Bought a +0 tower shield for 58 gold pieces
  2922 | D:4      | Noticed a phantom
  2941 | D:4      | Killed a phantom
  2942 | D:4      | Reached skill level 1 in Evocations
  2942 | D:4      | Reached XP level 6. HP: 24/38 MP: 6/6
  3431 | D:4      | Noticed a steam dragon
  3437 | D:4      | Engulfed by a steam dragon's steam

Illustrated notes

Levels and vault maps discovered:
D:1:      lemuel_arrival_cross, layout_loops_ring,
          hellmonk_ecumenical_altar_arch_garden, minivault_14,
          minmay_pentomino_q4
D:2:      layout_rooms, hex_tiny
D:3:      layout_loops_cross, nicolae_hepliaklqana_hazy_memory, serial_shops,
          shop
D:4:      layout_basic, marbit_many_paths, uniq_menkaure

Skill      XL: |  1  2  3  4  5 |
---------------+----------------+-----
Axes           | 2 3 4 |  4.5
Armour         | 4 |  4.4
Fighting       | 4 |  4.1
Shields        | 4 |  4.2
Evocations     | 1 |  1.5

Action                   |  1- 3 |  4- 6 || total
-------------------------+-------+-------++-------
Melee: War axe           |    92 |   165 ||   257
  Use: Scroll            |       |     8 ||     8
Armor: Scale mail        |    58 |    92 ||   150
Dodge: Dodged            |    53 |    56 ||   109
Block: Buckler           |    21 |    20 ||    41
       Tower shield      |       |    83 ||    83

Table legend: (Time is in decaauts)
 A = Elapsed time spent in this place.
 B = Non-inter-level travel time spent in this place.
 C = Inter-level travel time spent in this place.
 D = Time resting spent in this place.
 E = Time spent auto-exploring this place.
 F = Levels seen in this place.
 G = Mean time per level.
                   A        B        C        D        E       F      G
               +--------+--------+--------+--------+--------+-----+--------+
         Total |   3566 |   3541 |     25 |   1149 |   1670 |   4 |  891.5 |
       Dungeon |   3566 |   3541 |     25 |   1149 |   1670 |   4 |  891.5 |
               +--------+--------+--------+--------+--------+-----+--------+

Top non-repeatable levels by time:
     D:3: 1225 daAuts
     D:1: 894 daAuts
     D:4: 859 daAuts
     D:2: 586 daAuts
